 Dungeon Crawl Stone Soup version 0.22-a0-367-gb72a975 (webtiles) character file.

53 Amnesiac the Magician (level 3, -3/26 HPs)
             Began as a Mummy Wizard on Apr 22, 2018.
             Slain by a hound (6 damage)
             ... on level 3 of the Dungeon.
             The game lasted 00:02:53 (1679 turns).

Amnesiac the Magician (Mummy Wizard)                Turns: 1679, Time: 00:02:53

Health: -3/26      AC:  2    Str: 10    XL:     3   Next: 62%
Magic:  0/8        EV: 12    Int: 18    God:
Gold:   32         SH:  0    Dex: 10    Spells: 1/10 levels left

rFire    x . .     SeeInvis .   c - +0 whip
rCold    + . .     Gourm    .   (no shield)
rNeg     + + +     Faith    .   a - +0 robe
rPois    ∞         Spirit   .   (no helmet)
rElec    .         Reflect  .   (no cloak)
rCorr    .         Harm     .   (no gloves)
MR       .....                  (no boots)
Stlth    ++........             (no amulet)
HPRegen  0.08/turn              (no ring)
MPRegen  0.11/turn              (no ring)

@: no status effects
A: no food or potions, fire vulnerability, cold resistance 1, negative energy
resistance 3, torment resistance, unbreathing
a: no special abilities


You were on level 3 of the Dungeon.
You were not hungry.

You visited 1 branch of the dungeon, and saw 4 of its levels.

You collected 32 gold pieces.

Inventory:

Hand Weapons
 c - a +0 whip (weapon)
Missiles
 d - 4 stones (quivered)
 e - 15 sling bullets
Armour
 a - a +0 robe (worn)
Scrolls
 b - a scroll of teleportation {!r, unknown}
 h - a scroll of remove curse {!r, unknown}


   Skills:
 + Level 1.5 Fighting
 * Level 2.6 Dodging
 - Level 1.5 Stealth
 - Level 4.0 Spellcasting
 + Level 1.3 Conjurations
 - Level 0.7 Summonings
   Level 0.7 Translocations


You had one spell level left.
You knew the following spells:

 Your Spells              Type           Power        Failure   Level  Hunger
a - Magic Dart            Conj           #...         9%          1    N/A
b - Call Imp              Summ           #.......     17%         2    N/A
e - Mephitic Cloud        Conj/Pois/Air  #.......     36%         3    N/A
s - Conjure Flame         Conj/Fire      #.......     34%         3    N/A

Dungeon Overview and Level Annotations

Branches:
Dungeon (4/15)
 Temple: D:4-7

Altars:


Innate Abilities, Weirdness & Mutations

You do not eat or drink.
Your flesh is vulnerable to fire.
You are immune to poison.
Your flesh is cold resistant. (rC+)
You are immune to negative energy. (rN+++)
You are immune to unholy pain and torment.
You can survive without breathing.


Message History

Confirm with . or Enter, or press ? or * to list all spells.
A beastly little devil appears in a puff of flame.
The hound closely misses you.
Casting: Call Imp (safe; 17% risk of failure)
Confirm with . or Enter, or press ? or * to list all spells.
You don't have enough magic to cast that spell.
You hit the hound.
The hound is lightly wounded.
The hound bites you. The hound barely misses you.
The ball python barely misses you. The ball python closely misses you.
The ball python bites your iron imp. The ball python grabs your iron imp.
The ball python constricts your iron imp.
You miss the hound.
The hound is moderately wounded.
The hound bites you. The ball python bites your iron imp.
The ball python constricts your iron imp.
The hound bites you.
You hit the hound.
The hound is heavily wounded.
The hound barely misses you.
The ball python bites your iron imp but does no damage.
The ball python constricts your iron imp.
The hound closely misses you.
You barely miss the hound.
The hound is heavily wounded.
The ball python bites your iron imp but does no damage.
The ball python constricts your iron imp.
The hound bites you.
* * * LOW HITPOINT WARNING * * *
The ball python bites your iron imp but does no damage.
The ball python constricts your iron imp.
You hit the hound.
The hound is almost dead.
The hound misses you.
The ball python dies!
The hound bites you.
* * * LOW HITPOINT WARNING * * *
You hit the hound but do no damage.
The hound is almost dead.
The hound barely misses you.
Your crimson imp blinks!
The hound bites you.
* * * LOW HITPOINT WARNING * * *
Casting: Call Imp (safe; 17% risk of failure)
Confirm with . or Enter, or press ? or * to list all spells.
Aiming: Magic Dart (safe; 9% risk of failure)
Press: ? - help, Shift-Dir - straight line, f - hound
Aim: a hound (almost dead)
The magic dart hits the hound.
The hound is almost dead.
The hound bites you.
* * * LOW HITPOINT WARNING * * *
Unknown command.
Casting: Magic Dart (safe; 9% risk of failure)
Confirm with . or Enter, or press ? or * to list all spells.
Aiming: Magic Dart (safe; 9% risk of failure)
Press: ? - help, Shift-Dir - straight line, f/p - hound
Aim: a hound (almost dead)
The magic dart hits the hound.
The hound is almost dead.
The hound barely misses you.
Your crimson imp blinks!
The hound bites you.
You die...

.# .## ### ..
... . ..#.# .#
#. .#.# .# #..
..# .# ?. #.#
.# #.##@##%# #
#.§.h5..##.###
####.†.!......
###.#>.......
#..†.......##
#.#...###..#
#.###.# .#
##.#####.###.#
.
#.....<...##.#


You could see a hound and a friendly iron imp.

Vanquished Creatures
  A howler monkey (D:3)
  An adder (D:2)
  A goblin (D:1)
  A hobgoblin (D:1)
  3 jackals (D:1)
  3 kobolds (D:1)
  A quokka (D:2)
  A bat (D:2)
  3 rats
15 creatures vanquished.

Vanquished Creatures (collateral kills)
  An adder (D:3)
  A ball python (D:3)
2 creatures vanquished.

Vanquished Creatures (others)
  A hobgoblin (D:3)
  A rat (D:3)
2 creatures vanquished.

Grand Total: 19 creatures vanquished

Notes
Turn   | Place    | Note
-------+----------+-------------------------------------------
     0 | D:1      | Amnesiac the Mummy Wizard began the quest for the Orb.
     0 | D:1      | Reached XP level 1. HP: 13/13 MP: 5/5
   390 | D:1      | Reached XP level 2. HP: 11/20 MP: 0/7
  1177 | D:2      | Learned a level 2 spell: Call Imp
  1389 | D:2      | Reached skill level 1 in Fighting
  1389 | D:2      | Reached skill level 1 in Conjurations
  1586 | D:3      | Noticed a howler monkey
  1629 | D:3      | Killed a howler monkey
  1629 | D:3      | Reached XP level 3. HP: 26/26 MP: 0/8
  1659 | D:3      | Learned a level 3 spell: Conjure Flame
  1663 | D:3      | Learned a level 3 spell: Mephitic Cloud
  1679 | D:3      | Slain by a hound

Vault maps used:
D:1:      minmay_arrival_jagged, serial_glass, glass_columns_b, glass_columns_c,
          glass_columns_a, glass_columns_a, glass_columns_a
D:2:      lemuel_coloured_pillars_altar, st_stairs_6
D:3:      fiery_altar_vehumet, first_ration, uniq_sigmund
D:4:      grunt_temple_overflow_champion_of_chaos, vehumet_altar_wand_db

Skill      XL: |  1  2 |
---------------+-------+-----
Dodging        | 2 |  2.6
Fighting       | 1 |  1.5
Conjurations   | 1 |  1.3
Stealth        | |  1.5
Spellcasting   | |  4.0
Summonings     | |  0.7
Translocations | |  0.7

Action                   || total
-------------------------++-------
Melee: Whip              ||    55
 Cast: Magic Dart        ||    33
       Call Imp          ||     8
Armor: Robe              ||     6
       Ring mail         ||     5
Dodge: Dodged            ||    37

Table legend:
 A = Spawn XP
 B = Non-spawn XP
 C = Spawn XP percentage of total XP
 D = Spawn monster count
 E = Non-spawn monster count
 F = Spawn count percentage of total count
 G = Total turns spent on level
                    A         B        C        D         E        F      G
               +---------+---------+-------+---------+---------+-------+---------
         Total |       0 |      76 |   0.0 |       0 |      17 |   0.0 |  1679
               +---------+---------+-------+---------+---------+-------+---------
           D:1 |       0 |      17 |   0.0 |       0 |      10 |   0.0 |   854
           D:2 |       0 |      15 |   0.0 |       0 |       4 |   0.0 |   687
           D:3 |       0 |      44 |   0.0 |       0 |       3 |   0.0 |   136
               +---------+---------+-------+---------+---------+-------+---------
